 Dungeon Crawl Stone Soup version 0.31.0-12-g77e489cdc1 (webtiles) character file.

Game seed: 11415688530048831353

186 Gadfly the Shooter (level 5, 0/32 HPs)
             Began as a Kobold Hunter on Feb 15, 2024.
             Slain by Grinder (4 damage)
             ... while paralysed by Grinder
             ... on level 4 of the Dungeon.
             The game lasted 00:03:50 (2750 turns).

Gadfly the Shooter (Kobold Hunter)                  Turns: 2750, Time: 00:03:50

Health: 0/32       AC: 10    Str:  8    XL:     5   Next: 97%
Magic:  7/7        EV:  3    Int: 11    God:
Gold:   130        SH:  0    Dex: 20    Spells: 4/4 levels left

rFire   . . .        a - +0 shortbow
rCold   . . .        (shield currently unavailable)
rNeg    . . .        c - +0 leather armour
rPois   .            (no helmet)
rElec   .            (no cloak)
rCorr   .            n - +1 pair of gloves
SInv    .            g - +0 pair of boots
Will    .....        (no amulet)
Stlth   +++          e - +4 ring of protection
HPRegen 0.25/turn    (no ring)
MPRegen 0.10/turn

%: no passive effects
@: paralysed
A: small, no large weapons, nightstalker 3
a: no special abilities


You were on level 4 of the Dungeon.
You visited 1 branch of the dungeon, and saw 4 of its levels.

You collected 130 gold pieces.

Inventory:

Hand Weapons
 a - a +0 shortbow (weapon)
 m - a +0 falchion
Armour
 c - a +0 leather armour (worn)
 g - a +0 pair of boots (worn)
 n - a +1 pair of gloves (worn)
Jewellery
 e - a +4 ring of protection (left hand)
Wands
 p - a wand of iceblast (13)
Scrolls
 b - a scroll of butterflies
 d - 3 scrolls of teleportation
 j - 3 scrolls of identify
Potions
 f - a potion of lignification
 h - a potion of enlightenment
 i - 2 potions of haste
 l - a potion of attraction


   Skills:
 + Level 3.1 Fighting
 + Level 6.0 Ranged Weapons
 + Level 3.2 Dodging
 - Level 1.3 Stealth
 * Level 2.7 Invocations
 * Level 3.1 Evocations


You had 4 spell levels left.
You didn't know any spells.
Your spell library contained the following spells:

 Spells                   Type           Power      Damage    Failure   Level
 Freeze                   Ice            0%         1d3       45%         1
 Scorch                   Fire           0%         2d5       61%         2
 Dazzling Flash           Conj/Hex       0%         N/A       83%         3
 Frozen Ramparts          Ice            0%         1d1       83%         3
 Hailstorm                Conj/Ice       0%         3d5       83%         3
 Mephitic Cloud           Conj/Alch/Air  0%         N/A       83%         3
 Flame Wave               Conj/Fire      0%         2d4       99%         4
 Curse of Agony           Necr           0%         N/A       100%        5
 Silence                  Hex/Air        0%         N/A       100%        5
 Summon Cactus Giant      Summ           0%         N/A       100%        6


Dungeon Overview and Level Annotations

Branches:
Dungeon (4/15)
 Temple: D:4-7

Altars:

Annotations:
D:4 Grinder


Innate Abilities, Weirdness & Mutations

You are small and have problems with some larger weapons.
You are completely attuned to the shadows.


Message History

Grinder is moderately wounded.
You shoot an arrow. The arrow hits the iguana.
The iguana is heavily wounded.
The iguana bites you.
You shoot an arrow.
The arrow hits the iguana but does no damage.
The iguana is heavily wounded.
The iguana closely misses you.
Grinder blinks!
You shoot an arrow.
The arrow hits the iguana but does no damage.
The iguana is heavily wounded.
The iguana closely misses you.
You shoot an arrow. The arrow barely misses the iguana.
The iguana barely misses you.
You shoot an arrow. The arrow hits the iguana.
The iguana is heavily wounded.
The iguana barely misses you. The iguana bites you.
You shoot an arrow. The arrow barely misses the iguana.
Grinder blinks!
The iguana bites you but does no damage.
You shoot an arrow. The arrow closely misses the iguana.
The iguana bites you!
You shoot an arrow.
The arrow hits the iguana but does no damage.
The iguana is heavily wounded.
The iguana closely misses you.
You shoot an arrow. The arrow barely misses the iguana.
The iguana bites you.
Grinder blinks!
You shoot an arrow. The arrow barely misses the iguana.
Grinder blinks!
The iguana misses you. The iguana bites you. Grinder gestures at you.
You suddenly lose the ability to move!
Grinder hits you but does no damage.
The iguana bites you but does no damage.
The iguana bites you.
Grinder blinks!
The iguana bites you. Grinder hits you.
* * * LOW HITPOINT WARNING * * *
You writhe in agony.
* * * LOW HITPOINT WARNING * * *
The iguana barely misses you. Grinder hits you.
You die...
Grinder sighs, "Dead already?
I want a refund."

#.≈...§§..≈.
#.≈.§≈§≈§.≈
#.≈.≈.§§≈.
#.≈.≈.
#.≈.≈..
#.≈.≈≈.
#.≈....
#.≈≈≈≈≈
#5@l...
#######


You could see Grinder and an iguana.

Vanquished Creatures
  Terence (D:2)
  8 adders
  4 dart slugs (D:3)
  4 ribbon worms
  2 orcs (D:3)
  7 ball pythons
  4 endoplasms
  2 giant cockroaches
  4 goblins
  9 hobgoblins
  2 jackals (D:3)
  3 kobolds
  3 quokkas
  9 bats
  4 frilled lizards
  4 rats
70 creatures vanquished.

Notes
Turn   | Place    | Note
-------+----------+-------------------------------------------
     0 | D:1      | Gadfly the Kobold Hunter began the quest for the Orb.
     0 | D:1      | Reached XP level 1. HP: 12/12 MP: 1/1
   322 | D:1      | Reached XP level 2. HP: 17/17 MP: 2/2
   386 | D:1      | Reached skill level 1 in Evocations
   512 | D:1      | Reached skill level 1 in Invocations
   855 | D:2      | Reached XP level 3. HP: 15/22 MP: 2/4
   865 | D:2      | Reached XP level 4. HP: 4/27 MP: 3/5
  1334 | D:2      | Noticed Terence
  1347 | D:2      | Killed Terence
  1527 | D:2      | Found a faded altar of an unknown god.
  1532 | D:2      | Reached XP level 5. HP: 32/32 MP: 6/6
  2716 | D:4      | Reached skill level 6 in Ranged Weapons
  2729 | D:4      | Noticed Grinder
  2746 | D:4      | Paralysed by Grinder for 5 turns
  2750 | D:4      | Slain by Grinder

Illustrated notes

Levels and vault maps discovered:
D:1:      reono_arrival_mine, layout_loops_ring, grunt_decor_resistance,
          minmay_misc_feat_secret_circle, minmay_pentomino_r4
D:2:      layout_loops_ring, chequers_ecumenical_altar_lobes, minmay_guardbox,
          uniq_terence
D:3:      layout_loops_cross
D:4:      layout_rooms, mainiacjoe_overflow_concentric_impassable,
          gammafunk_ghost_cemetery, uniq_duvessa, uniq_grinder

Skill      XL: |  1  2  3  4  5 |
---------------+----------------+-----
Evocations     | 1 2 3 |  3.1
Invocations    | 1 2 |  2.7
Dodging        | 3 |  3.2
Fighting       | 3 |  3.1
Ranged Weapons | 6 |  6.0
Stealth        | |  1.3

Action                     |  1- 3 |  4- 6 || total
---------------------------+-------+-------++-------
   Fire: Shortbow          |    43 |   190 ||   233
    Use: Scroll            |     3 |     8 ||    11
         Potion            |     1 |     1 ||     2
 Armour: Leather armour    |    17 |    47 ||    64
  Dodge: Dodged            |    15 |    84 ||    99
